 Dungeon Crawl Stone Soup version 0.30-a0-359-gd0147acb1a (webtiles) character file.

Game seed: 17847438793611909555

9360 KennySheep the Destroyer (level 11, -5/82 HPs)
             Began as a Demigod Conjurer on Nov 11, 2022.
             Slain by Snorg (15 damage)
             ... on level 10 of the Dungeon.
             The game lasted 00:46:18 (13765 turns).

KennySheep the Destroyer (Demigod Conjurer)        Turns: 13765, Time: 00:46:19

Health: -5/82      AC: 11    Str:  8    XL:     11   Next: 2%
Magic:  3/25       EV: 12    Int: 32    God:
Gold:   554        SH:  0    Dex: 12    Spells: 16/23 levels left

rFire   + . .      SeeInvis .    A - +4 club (spect)
rCold   + + .      Faith    .    (no shield)
rNeg    . . .      Spirit   .    B - +3 leather armour {rC+}
rPois   .          Reflect  .    c - +1 hat
rElec   .          Harm     .    u - +1 cloak of Eternity {+Inv Regen+}
rCorr   .          Rampage  .    J - +0 pair of gloves
Will    +....                    v - +0 pair of boots
Stlth   ++........               (no amulet)
HPRegen 1.13/turn                e - ring of protection from cold
MPRegen 0.19/turn                y - ring of protection from fire

@: about to teleport
A: high MP 1, forlorn, divine attributes, sense surroundings 1, subdued magic 1
a: Evoke Invisibility


You were on level 10 of the Dungeon.
You visited 1 branch of the dungeon, and saw 10 of its levels.
You also visited: Sewer.

You collected 554 gold pieces.

Inventory:

Hand Weapons
 a - a +5 dire flail of draining
 g - a +0 mace
 A - a +4 spectral club (weapon)
Missiles
 b - a throwing net
 I - 4 curare-tipped darts
Armour
 c - a +1 hat (worn)
 u - the +1 cloak of Eternity (worn) {+Inv Regen+}
   (You found it on level 9 of the Dungeon)

   +Inv:      It lets you turn invisible.
   Regen:     It increases your rate of health regeneration.
 v - a +0 pair of boots (worn)
 B - a +3 leather armour of cold resistance (worn)
 J - a +0 pair of gloves (worn)
Jewellery
 e - a ring of protection from cold (left hand)
 y - a ring of protection from fire (right hand)
 E - an amulet of guardian spirit
 L - a +6 ring of dexterity
Wands
 j - a wand of flame (24)
 z - a wand of quicksilver (7)
 C - a wand of charming (26)
Scrolls
 d - 3 scrolls of brand weapon
 r - a scroll of silence
 s - 2 scrolls of torment
 t - 4 scrolls of poison
 w - a scroll of teleportation
 x - a scroll of identify
 F - 2 scrolls of enchant weapon
 G - a scroll of immolation
 H - a scroll of amnesia
 K - a scroll of fog {unknown}
 M - a scroll of noise {unknown}
Potions
 f - a potion of lignification
 h - 3 potions of resistance
 i - a potion of cancellation
 k - 2 potions of brilliance
 l - 5 potions of curing
 m - a potion of flight
 n - 2 potions of degeneration
 o - 3 potions of attraction
 p - 2 potions of invisibility {unknown}
 q - a potion of mutation
 D - 2 potions of might {unknown}


   Skills:
 + Level 3.5 Fighting
 + Level 4.2 Dodging
 - Level 1.7 Stealth
 + Level 6.6 Spellcasting
 - Level 10.0 Conjurations
 * Level 9.8 Translocations
 + Level 1.5 Evocations


You had 16 spell levels left.
You knew the following spells:

 Your Spells              Type           Power      Damage    Failure   Level
a - Magic Dart            Conj           100%       1d8       1%          1
b - Searing Ray           Conj           100%       2d8       1%          2
c - Iskenderun's Mystic   Conj/Tloc      54%        2d12      1%          4

Your spell library contained the following spells:

 Spells                   Type           Power      Damage    Failure   Level
 Dazzling Flash           Conj/Hex       64%        N/A       1%          3
 Portal Projectile        Hex/Tloc       64%        N/A       1%          3
 Kindle Blastsparks       Fire/Tloc/Air  48%        2d14      3%          3
 Fulminant Prism          Conj/Hex       16%        3d10      7%          4
 Ignite Poison            Fire/Tmut/Pois 8%         N/A       16%         3
 Tukima's Dance           Hex            8%         N/A       16%         3
 Freezing Cloud           Conj/Ice/Air   12%        6-21      36%         5
 Blade Hands              Tmut           4%         N/A       85%         5


Dungeon Overview and Level Annotations

Branches:
Dungeon (10/15)            Temple (0/1) D:4            Lair (0/5) D:8
    Orc (0/2) D:10          Sewer (visited)

Shops:
D:3 [   D:6 *   D:7 *

Annotations:
D:5 Grinder
D:10 Snorg


Innate Abilities, Weirdness & Mutations

You have an increased reservoir of magic. (+10% MP)
You shall have no god before yourself.
Your divine heritage dramatically boosts your attributes as you level up.
You passively map a small area around you.
Your spells are a little easier to cast, but a little less powerful.


Message History

The yak attacks as you move away! The yak barely misses you.
The yak attacks as you move away! The yak gores you.
You barely miss the yak.
The yak is almost dead.
Your +4 spectral club hits the yak.
You kill the yak!
The yak misses you.
You have reached level 11!
You completely miss the yak.
The yak is severely wounded.
Your +4 spectral club hits the yak.
An orc priest comes into view. It is wielding a +0 club.
The yak gores your +4 spectral club but does no damage.
Snorg goes berserk!
You hit the yak.
The yak is almost dead.
Your +4 spectral club hits the yak.
You kill the yak!
The yak misses your +4 spectral club.
The orc priest misses you.
The yak gores your +4 spectral club.
Your spectral weapon shares its damage with you!
As you read the scroll of teleportation, it crumbles to dust.
You feel strangely unstable. Snorg completely misses you. Snorg claws you.
Snorg barely misses you.
The orc priest calls down the wrath of Beogh upon you.
Pain shoots through your body!
The orc priest calls down the wrath of Beogh upon you.
Beogh smites you! Snorg closely misses you. Snorg claws you.
Snorg claws you but does no damage. Snorg attacks as you move away!
Snorg bites you but does no damage. Snorg claws you. Snorg barely misses you.
Snorg rages.
The orc priest misses you. The yak closely misses you.
Snorg attacks as you move away! Snorg barely misses you. Snorg claws you.
Snorg claws you but does no damage.
The orc priest casts a cantrip, but nothing happens.
The yak gores you! Snorg bites you! Snorg claws you!
* * * LOW HITPOINT WARNING * * *
Snorg claws you!
You die...

* ###########
##########.........#
+........#.........# ,
#........#.........#
,#).......#.........# ,
#........#.........# , ,
*##....##'#.........# *
##.###.T....####+## ,,
,, ##.###@Yo...'....# ,*
.####..##..o††..#....#
.o.........o.....#....#
.##..............#....#
,##....##.......#######
......##o.†..........# ,
.......))).)..........#
,
.......))))##.........#
,.........).##.........#


You could see Snorg (berserk), a yak, 3 orc priests and an orc wizard.

Vanquished Creatures
  A two-headed ogre (D:8)
  Pikel (D:6)
  An elephant (D:8)
  An unseen horror (D:8)
  A hornet (D:9)
  Sigmund (D:4)
  2 vampires (D:10)
  7 yaks
  3 wyverns
  A basilisk (D:8)
  2 steam dragons
  A warg (D:10)
  3 water moccasins
  Edmund (D:4)
  2 orc warriors
  2 sky beasts (D:6)
  An ice beast (D:6)
  3 black bears
  3 centaurs
  4 ogres
  2 kobold brigands
  A lemure (D:6)
  A phantom (D:4)
  3 bullfrogs
  3 necrophages (D:5)
  2 gnoll sergeants (D:7)
  3 scorpions
  12 wights
  6 killer bees (D:9)
  12 howler monkeys
  A gnoll bouda (D:7)
  3 hounds
  Ijyb (D:5)
  3 orc priests
  2 jellies
  5 iguanas
  10 orc wizards
  16 gnolls
  12 adders
  A shadow imp (D:6)
  An ufetubus (D:6)
  2 worms
  A dart slug (D:4)
  34 orcs
  10 endoplasms
  13 giant cockroaches
  7 goblins
  3 hobgoblins
  5 jackals
  7 quokkas
  11 ball pythons
  6 bats
  11 frilled lizards
  13 kobolds
  4 rats
268 creatures vanquished.

Notes
Turn   | Place    | Note
-------+----------+-------------------------------------------
     0 | D:1      | KennySheep the Demigod Conjurer began the quest for the
                  | Orb.
     0 | D:1      | Reached XP level 1. HP: 14/14 MP: 5/5
   430 | D:1      | Reached XP level 2. HP: 20/20 MP: 5/7
   606 | D:1      | Reached skill level 1 in Translocations
   904 | D:2      | Reached skill level 4 in Conjurations
   964 | D:2      | Reached XP level 3. HP: 26/26 MP: 3/8
  1994 | D:2      | Reached XP level 4. HP: 33/33 MP: 5/10
  2343 | D:3      | Learned a level 2 spell: Searing Ray
  2348 | D:3      | Learned a level 4 spell: Iskenderun's Mystic Blast
  2749 | D:3      | Identified the +7 arbalest of Zin {speed, rF+ Str+2 Dex+5}
  3109 | D:3      | Found Pameutaw's Antique Armour Shoppe.
  3391 | D:3      | Gained mutation: Your spells are a little easier to cast,
                  | but a little less powerful. [potion of mutation]
  3391 | D:3      | Gained mutation: You passively map a small area around you.
                  | [potion of mutation]
  3586 | D:4      | Found a staircase to the Ecumenical Temple.
  3620 | D:4      | Reached XP level 5. HP: 38/38 MP: 7/11
  3669 | D:4      | Noticed Edmund
  4090 | D:5      | Entered Level 5 of the Dungeon
  4094 | D:5      | You fall into a shaft and drop 1 floor!
  4098 | D:6      | Noticed a centaur
  4143 | D:5      | Noticed an ogre
  4179 | D:5      | Reached skill level 5 in Conjurations
  4331 | D:5      | Reached XP level 6. HP: 22/45 MP: 3/13
  4639 | D:5      | Reached XP level 7. HP: 28/50 MP: 2/15
  4729 | D:5      | Found a glowing drain.
  4733 | Sewer    | Entered a sewer
  5352 | Sewer    | Reached skill level 6 in Conjurations
  5568 | D:5      | Noticed Grinder
  5842 | D:4      | Killed Edmund
  5920 | D:4      | Noticed Sigmund
  5925 | D:4      | Killed Sigmund
  5926 | D:4      | Reached skill level 5 in Translocations
  6110 | D:5      | Reached XP level 8. HP: 57/57 MP: 12/17
  6200 | D:5      | Noticed Ijyb
  6212 | D:5      | Killed Ijyb
  6307 | D:5      | Reached skill level 7 in Conjurations
  7206 | D:6      | Noticed Pikel
  7443 | D:6      | Found Gozag's Platinum Reserve.
  7514 | D:6      | Killed Pikel
  7515 | D:6      | Reached skill level 5 in Spellcasting
  7515 | D:6      | Reached skill level 8 in Conjurations
  7515 | D:6      | Reached XP level 9. HP: 31/62 MP: 4/20
  8715 | D:7      | Found Cobruz's Fire Supplies.
  8768 | D:7      | Reached skill level 9 in Conjurations
  9617 | D:7      | Reached skill level 1 in Fighting
 10082 | D:8      | Noticed a two-headed ogre
 10098 | D:8      | Killed a two-headed ogre
 10099 | D:8      | Reached XP level 10. HP: 70/72 MP: 3/22
 10760 | D:8      | Found a staircase to the Lair.
 10760 | D:8      | Noticed an elephant
 11935 | D:8      | Killed an elephant
 11936 | D:8      | Reached skill level 10 in Conjurations
 12451 | D:9      | Identified the +1 cloak of Eternity {+Inv Regen+}
 12911 | D:9      | Reached skill level 1 in Evocations
 13455 | D:10     | Entered Level 10 of the Dungeon
 13750 | D:10     | Noticed Snorg
 13760 | D:10     | Reached XP level 11. HP: 72/82 MP: 2/25
 13765 | D:10     | Slain by Snorg

Illustrated notes

Levels and vault maps discovered:
D:1:      minmay_arrival_shattered_statue, layout_rooms,
          ebering_ecumenical_altar_webs
D:2:      layout_basic
D:3:      wad_pebble_path, layout_loops_corners, ashenzari_altar_1,
          serial_shops, shop, minmay_goblin_kobold_house
D:4:      layout_rooms, minmay_temple_entry_tees, sigmund_edmund_badplayer
D:5:      layout_gridville, nemelex_diamond_rough_becter,
          gup_sewer_entry_spiral, uniq_edmund, uniq_ijyb, uniq_grinder
D:6:      layout_gridville, nicolae_gozag_zags_fifth_avenue, uniq_pikel
D:7:      layout_loops_corners, nicolae_shop_fire_sale [nicolae_sub_dead_trees],
          hangedman_decor_slide_cut, minmay_misc_feat_rows
D:8:      layout_loops_ring, kennysheep_little_box,
          chequers_temple_overflow_minitemple, david_lair_generic,
          minmay_fractal_squares_gapless_5
D:9:      layout_stronghold
D:10:     layout_gridville, erik_orc_4, uniq_snorg

Skill      XL: |  1  2  3  4  5  6  7  8  9 10 |
---------------+-------------------------------+-----
Spellcasting   | 2 3 4 5 6 |  6.6
Translocations | 1 2 3 4 5 7 8 9 |  9.8
Conjurations   | 4 5 6 8 9 10 | 10.0
Dodging        | 2 4 |  4.2
Fighting       | 1 3 |  3.5
Evocations     | 1 |  1.5
Stealth        | |  1.7

Action                   |  1- 3 |  4- 6 |  7- 9 | 10-12 || total
-------------------------+-------+-------+-------+-------++-------
Melee: Unarmed           |    15 |       |       |       ||    15
       Mace              |     2 |     7 |    16 |       ||    25
       Club              |       |       |   141 |    53 ||   194
       Punch             |       |       |     3 |       ||     3
       Dire flail        |       |       |     1 |       ||     1
 Cast: Magic Dart        |    82 |    62 |    73 |     1 ||   218
       Searing Ray       |       |    15 |    25 |     5 ||    45
       Iskenderun's Myst |       |     1 |    51 |    74 ||   126
Evoke: Wand              |       |    12 |     2 |       ||    14
  Use: Potion            |       |     7 |     1 |     3 ||    11
       Scroll            |       |     7 |     5 |     1 ||    13
 Stab: Sleeping          |       |       |     2 |       ||     2
       Distracted        |       |       |     2 |       ||     2
Armor: Robe              |    10 |     5 |     8 |       ||    23
       Leather armour    |       |       |    61 |    47 ||   108
Dodge: Dodged            |    29 |    33 |   120 |    76 ||   258

Table legend: (Time is in decaauts)
 A = Elapsed time spent in this place.
 B = Non-inter-level travel time spent in this place.
 C = Inter-level travel time spent in this place.
 D = Time resting spent in this place.
 E = Time spent auto-exploring this place.
 F = Levels seen in this place.
 G = Mean time per level.
                   A        B        C        D        E       F      G
               +--------+--------+--------+--------+--------+-----+--------+
         Total |  13938 |  13234 |    704 |   1829 |   9179 |  11 | 1267.1 |
       Dungeon |  13127 |  12423 |    704 |   1735 |   8624 |  10 | 1312.7 |
         Sewer |    811 |    811 |      0 |     94 |    554 |   1 |  811.0 |
               +--------+--------+--------+--------+--------+-----+--------+

Top non-repeatable levels by time:
     D:7: 2082 daAuts
     D:8: 1824 daAuts
     D:6: 1704 daAuts
     D:2: 1500 daAuts
     D:5: 1479 daAuts
     D:3: 1413 daAuts
     D:9: 1170 daAuts
     D:1: 831 daAuts
   Sewer: 811 daAuts
     D:4: 807 daAuts
    D:10: 313 daAuts
